 Dungeon Crawl Stone Soup version 0.29.1-2-gbd0b4ee654 (webtiles) character file.

Game seed: 9512445257238988156

1343 GorkyZ the Trooper (level 8, 0/48 HPs)
             Began as a Gargoyle Gladiator on Nov 23, 2022.
             Was an Initiate of Gozag.
             Slain by a two-headed ogre
             ... wielding a +0 giant club
              (18 damage)
             ... on level 6 of the Dungeon.
             The game lasted 00:16:18 (7373 turns).

GorkyZ the Trooper (Gargoyle Gladiator)             Turns: 7373, Time: 00:16:19

Health: 0/48       AC: 21    Str: 20    XL:     8   Next: 62%
Magic:  8/8        EV:  9    Int: 10    God:    Gozag
Gold:   173        SH:  0    Dex: 13    Spells: 7/7 levels left

rFire   . . .      SeeInvis .   i - +1 dagger (venom)
rCold   . . .      Faith    .   (no shield)
rNeg    + . .      Spirit   .   A - +4 chain mail "Angaptib" {rCorr Str+3 Stlth+}
rPois   ∞          Reflect  .   c - +0 helmet
rElec   +          Harm     .   (no cloak)
rCorr   +          Rampage  .   (no gloves)
Will    .....                   n - +0 pair of boots
Stlth   ..........              (no amulet)
HPRegen 0.16/turn               (no ring)
MPRegen 0.11/turn               (no ring)

@: no status effects
A: sickness immunity, AC +5, negative energy resistance 1, electricity
resistance, torment resistance 1, petrification resistance
a: Renounce Religion, Potion Petition, Call Merchant, Bribe Branch


You were on level 6 of the Dungeon.
You worshipped Gozag.
Gozag was aware of your devotion.
You visited 2 branches of the dungeon, and saw 7 of its levels.

You collected 228 gold pieces.
You paid 55 gold pieces to Gozag.

Inventory:

Hand Weapons
 a - a +0 war axe
 f - a +2 falchion of electrocution
 i - a +1 dagger of venom (weapon)
 t - a +0 vampiric hand axe
 u - a +0 club
Missiles
 d - 4 throwing nets (quivered)
 e - a javelin
 l - 6 boomerangs
Armour
 b - a +0 leather armour
 c - a +0 helmet (worn)
 n - a +0 pair of boots (worn)
 s - a +0 ring mail
 v - a +0 scale mail
 A - the +4 chain mail "Angaptib" (worn) {rCorr Str+3 Stlth+}
   (You found it on level 4 of the Dungeon)

   Str:       It affects your strength (+3).
   rCorr:     It protects you from acid and corrosion.
   Stlth:     It makes you more stealthy.
 D - a +2 scale mail of cold resistance
Wands
 B - a wand of charming (12)
Scrolls
 g - 4 scrolls of identify {unknown}
 h - 3 scrolls of blinking {unknown}
 k - 3 scrolls of vulnerability {unknown}
 o - 2 scrolls of magic mapping {unknown}
 q - a scroll of torment {unknown}
 w - 2 scrolls of teleportation {unknown}
 y - a scroll of immolation {unknown}
 E - a scroll of poison {unknown}
 F - a scroll of amnesia {unknown}
Potions
 j - 3 potions of heal wounds {unknown}
 m - 2 potions of might
 p - 2 potions of curing {unknown}
 r - a potion of degeneration {unknown}
 x - a potion of mutation {unknown}
 z - a potion of brilliance {unknown}
 C - a potion of berserk rage {unknown}
 G - a potion of flight {unknown}
 H - 2 potions of attraction {unknown}


   Skills:
 + Level 4.7 Fighting
 + Level 3.2 Long Blades
 - Level 2.6 Axes
 + Level 3.9 Throwing
 + Level 3.9 Armour
 + Level 3.9 Dodging
 + Level 3.9 Shields
 + Level 3.3 Evocations


You had 7 spell levels left.
You didn't know any spells.
Your spell library contained the following spells:

 Spells                   Type           Power      Damage    Failure   Level
 Blink                    Tloc           0%         N/A       99%         2
 Conjure Flame            Conj/Fire      0%         6-21      100%        3
 Ignite Poison            Fire/Tmut/Pois 0%         N/A       100%        3
 Lesser Beckoning         Tloc           0%         N/A       100%        3
 Sticky Flame             Conj/Fire      0%         2d3       100%        4
 Manifold Assault         Tloc           0%         N/A       100%        5


Dungeon Overview and Level Annotations

Branches:
Dungeon (6/15)             Temple (1/1) D:5

Altars:
Ashenzari
Cheibriados
Elyvilon
Gozag
Hepliaklqana
Makhleb
Nemelex Xobeh
Okawaru
Ru
Sif Muna
Trog
Uskayaw
Wu Jian
Xom
Yredelemnul
Zin
The Shining One

Shops:
D:3 (

Annotations:
D:4 1 transporter, kalagan's ghost, novice DECj


Innate Abilities, Weirdness & Mutations

You are immune to sickness and miasma.
Your stone body is resilient. (AC +5)
You are immune to poison.
You resist negative energy. (rN+)
You are resistant to electric shocks. (rElec)
You are resistant to unholy torment.
You are immune to petrification.


Message History

No target in view!
No target in view!
No target in view!
No target in view!
No target in view!
No target in view!
No target in view!
No target in view!
No target in view!
No target in view!
No target in view!
No target in view!
No target in view!
No target in view!
No target in view!
You now have 173 gold pieces (gained 6).
A two-headed ogre comes into view. It is wielding two +0 giant clubs.
Found a rapier.
The two-headed ogre hits you with a +0 giant club!!
Ouch! That really hurt!
The two-headed ogre barely misses you.
You are too injured to fight recklessly!
You are too injured to fight recklessly!
You are too injured to fight recklessly!
You are too injured to fight recklessly!
You are too injured to fight recklessly!
You are too injured to fight recklessly!
You are too injured to fight recklessly!
You are too injured to fight recklessly!
You are too injured to fight recklessly!
You are too injured to fight recklessly!
You are too injured to fight recklessly!
You closely miss the two-headed ogre.
Unknown command.
You hit the two-headed ogre.
The two-headed ogre is poisoned.
You punch the two-headed ogre.
The two-headed ogre is lightly wounded.
The two-headed ogre hits you with a +0 giant club!!
You die...
Your body crumbles into a pile of gold.

######.##...#####
#.#...#######.#
#####.#>...##.....#
##.....#.#.....#### #
....####...###....##.###
....#..................#
....#.########+#######....
....#.######...........) .
....#......'....@O......
<...########..........#+
.....# #..........# .....#
#..........# .....#
#..........# ######
############


You could see a two-headed ogre (very poisoned).

Vanquished Creatures
  Sigmund (D:4)
  Menkaure (D:4)
  An ice beast (D:5)
  2 ogres
  2 phantoms
  A scorpion (D:6)
  An orc priest (D:3)
  Crazy Yiuf (D:2)
  A hound (D:5)
  A jelly (D:6)
  Jessica (D:3)
  2 iguanas
  Terence (D:3)
  2 orc wizards
  Natasha (thrice) (D:2)
  Ijyb (D:3)
  Robin (D:2)
  10 adders
  A white imp (D:6)
  An ufetubus (D:4)
  2 dart slugs
  13 orcs
  7 ball pythons
  5 bats
  3 endoplasms
  3 giant cockroaches (D:3)
  14 goblins
  8 hobgoblins
  6 jackals (D:1)
  8 kobolds
  3 quokkas
  3 frilled lizards
  6 rats
116 creatures vanquished.

Vanquished Creatures (others)
  An adder (D:3)
  A ball python (D:3)
  A rat (D:3)
3 creatures vanquished.

Grand Total: 119 creatures vanquished

Notes
Turn   | Place    | Note
-------+----------+-------------------------------------------
     0 | D:1      | GorkyZ the Gargoyle Gladiator began the quest for the Orb.
     0 | D:1      | Reached XP level 1. HP: 12/12 MP: 1/1
   509 | D:1      | Reached XP level 2. HP: 10/17 MP: 2/2
  1110 | D:1      | Reached XP level 3. HP: 15/22 MP: 3/3
  1610 | D:2      | Reached skill level 1 in Shields
  1612 | D:2      | Reached skill level 1 in Long Blades
  1819 | D:2      | Found a runed translucent door.
  1820 | D:2      | Noticed Crazy Yiuf
  1869 | D:2      | Noticed Natasha
  1876 | D:2      | Killed Natasha
  1877 | D:2      | Reached skill level 1 in Armour
  1877 | D:2      | Reached skill level 1 in Evocations
  1877 | D:2      | Reached XP level 4. HP: 21/27 MP: 4/4
  1951 | D:2      | Noticed Natasha
  1965 | D:2      | Killed Natasha
  2178 | D:2      | Reached skill level 3 in Fighting
  2178 | D:2      | Reached XP level 5. HP: 28/32 MP: 5/5
  2486 | D:2      | Noticed Robin
  2500 | D:2      | Killed Robin
  2768 | D:3      | Noticed Ijyb
  2793 | D:3      | Killed Ijyb
  3059 | D:3      | Found a shimmering altar of Xom.
  3360 | D:3      | Noticed Jessica
  3364 | D:3      | Killed Jessica
  3365 | D:3      | Reached XP level 6. HP: 37/37 MP: 6/6
  3754 | D:3      | Found Ystrathri's Weapon Shoppe.
  3756 | D:3      | Noticed Terence
  4110 | D:4      | Noticed Menkaure
  4122 | D:4      | Killed Menkaure
  4123 | D:4      | Reached XP level 7. HP: 10/42 MP: 7/7
  4499 | D:4      | Identified the +4 chain mail "Angaptib" {rCorr Str+3
                  | Stlth+}
  4548 | D:4      | Found a transporter.
  4549 | D:4      | Noticed kalagan's ghost (novice DECj)
  4609 | D:4      | Noticed Sigmund
  4628 | D:4      | Killed Sigmund
  4629 | D:4      | Reached skill level 4 in Fighting
  4811 | D:3      | Killed Terence
  5700 | D:2      | Noticed Natasha
  5708 | D:2      | Killed Natasha
  5709 | D:2      | Reached XP level 8. HP: 48/48 MP: 8/8
  5743 | D:2      | Killed Crazy Yiuf
  5932 | D:5      | Entered Level 5 of the Dungeon
  6006 | D:5      | Found a hide-covered altar of Uskayaw.
  6009 | D:5      | Found an ornate altar of the Wu Jian Council.
  6010 | D:5      | Found a sparkling altar of Nemelex Xobeh.
  6010 | D:5      | Found an opulent altar of Gozag.
  6553 | D:5      | Found a staircase to the Ecumenical Temple.
  6597 | Temple   | Entered the Ecumenical Temple
  6597 | Temple   | Found a transporter.
  6597 | Temple   | Found a transporter.
  6599 | Temple   | Found a transporter.
  6599 | Temple   | Found a transporter.
  6791 | D:5      | Found a glowing golden altar of the Shining One.
  6844 | D:5      | Became a worshipper of Gozag Ym Sagoz the Greedy
  7368 | D:6      | Noticed a two-headed ogre
  7373 | D:6      | Slain by a two-headed ogre

Illustrated notes

Levels and vault maps discovered:
D:1:      psy_arrival_radial02, layout_loops_ring
D:2:      layout_basic, uniq_crazy_yiuf_cottage, uniq_robin, uniq_natasha
D:3:      layout_basic, xom_confusion_cloud, serial_shops, shop, fountainhead,
          corexii_hall_statues_l, uniq_ijyb, uniq_jessica, uniq_terence
D:4:      layout_loops_ring, gammafunk_ghost_smash, serial_bayou_crossing,
          uniq_sigmund, uniq_menkaure
D:5:      layout_basic, grunt_temple_overflow_open,
          nicolae_tso_swordbearing_angel, minmay_temple_entry_sparse_star
D:6:      layout_basic, kennysheep_little_box
Temple:   hellmonk_temple_divided_pantheon

Skill      XL: |  1  2  3  4  5  6  7  8 |
---------------+-------------------------+-----
Throwing       | 2 3 |  3.9
Shields        | 1 2 3 |  3.9
Long Blades    | 1 2 3 |  3.2
Armour         | 1 2 3 |  3.9
Evocations     | 1 2 3 |  3.3
Fighting       | 3 4 |  4.7
Dodging        | 3 |  3.9
Axes           | |  2.6

Action                   |  1- 3 |  4- 6 |  7- 9 || total
-------------------------+-------+-------+-------++-------
Melee: Falchion          |    18 |     5 |    69 ||    92
       Dagger            |    71 |   212 |   171 ||   454
       Punch             |     2 |     3 |     1 ||     6
Armor: Leather armour    |    33 |    28 |       ||    61
       Ring mail         |       |    61 |       ||    61
       Scale mail        |       |    42 |    15 ||    57
       Chain mail        |       |       |   131 ||   131
Dodge: Dodged            |    67 |   169 |    82 ||   318
